 Dungeon Crawl Stone Soup version 0.31.0-11-ge490571c62 (webtiles) character file.

Game seed: 11061551656296600405

17570 Arctor the Summoner (level 12, -1/59 HPs)
             Began as a Deep Elf Fire Elementalist on Feb 5, 2024.
             Was a Priest of Sif Muna.
             Slain by Joseph
             ... wielding a +0 quarterstaff
              (10 damage)
             ... on level 10 of the Dungeon.
             The game lasted 00:39:24 (16615 turns).

Arctor the Summoner (Deep Elf Fire Elementalist)   Turns: 16615, Time: 00:39:30

Health: -1/59      AC:  8    Str:  5    XL:     12   Next: 20%
Magic:  17/29      EV: 16    Int: 32    God:    Sif Muna [***...]
Gold:   563        SH:  5    Dex: 20    Spells: 14/33 levels left

rFire   + . .        t - +6 short sword "Earthworm" {elec, Dex+5}
rCold   x . .        d - orb {*channel}
rNeg    . . .        e - +0 steam dragon scales
rPois   .            E - +2 helmet
rElec   .            (no cloak)
rCorr   .            (no gloves)
SInv    .            (no boots)
Will    +....        v - amulet of reflection
Stlth   ++++         c - ring of fire
HPRegen 0.29/turn    k - +6 ring of intelligence
MPRegen 0.21/turn

%: reflection, channel magic (20%)
@: mighty
A: no striking features
a: Renounce Religion, Channel Magic, Forget Spell


You were on level 10 of the Dungeon.
You worshipped Sif Muna.
Sif Muna was most pleased with you.
You visited 3 branches of the dungeon, and saw 13 of its levels.

You collected 795 gold pieces.
You spent 232 gold pieces at shops.

Inventory:

Hand Weapons
 g - a +1 dagger of holy wrath
 p - a +0 dagger of venom
 t - the +6 short sword "Earthworm" (weapon) {elec, Dex+5}
   (You bought it in a shop on level 8 of the Dungeon)

   Dex+5:     It affects your dexterity (+5).
 z - a +2 dagger of venom
Missiles
 x - 7 curare-tipped darts
Armour
 a - an orb of mayhem
 d - an orb of energy (worn)
 e - +0 steam dragon scales (worn)
 r - a +0 kite shield
 E - a +2 helmet (worn)
Magical Staves
 h - a staff of alchemy
 G - a staff of death
Jewellery
 c - a ring of fire (left hand)
 k - a +6 ring of intelligence (right hand)
 n - a +5 ring of evasion
 v - an amulet of reflection (around neck)
 y - a ring of magical power
 A - a +5 ring of evasion
 H - a ring of protection from fire
 I - a ring of flight
Wands
 w - a wand of charming (12)
 D - a wand of polymorph (4)
 F - a wand of flame (10)
Scrolls
 f - 2 scrolls of vulnerability
 i - 2 scrolls of blinking
 j - a scroll of poison
 m - 7 scrolls of teleportation
 o - a scroll of silence
 s - 7 scrolls of identify
 C - a scroll of immolation
Potions
 b - 3 potions of magic
 l - 3 potions of curing
 u - a potion of brilliance
 B - a potion of attraction


   Skills:
 - Level 6.3 Dodging
 - Level 6.6 Stealth
 + Level 11.0 Spellcasting
 - Level 9.3 Conjurations
 + Level 11.4 Summonings
 - Level 9.8 Fire Magic
 - Level 7.5 Invocations


You had 14 spell levels left.
You knew the following spells:

 Your Spells              Type           Power      Damage    Failure   Level
a - Foxfire               Conj/Fire      100%       2x1d9     1%          1
b - Scorch                Fire           100%       2d9       1%          2
c - Call Imp              Summ           100%       N/A       1%          2
d - Volatile Blastmotes   Fire/Tloc      100%       2d18      5%          3
e - Flame Wave            Conj/Fire      87%        2d19      3%          4
f - Dazzling Flash        Conj/Hex       94%        N/A       6%          3
g - Ensorcelled Hibernat  Hex/Ice        34%        N/A       13%         2
h - Sublimation of Blood  Necr           17%        N/A       13%         2

Your spell library contained the following spells:

 Spells                   Type           Power      Damage    Failure   Level
 Summon Ice Beast         Ice/Summ       53%        N/A       4%          3
 Inner Flame              Hex/Fire       65%        N/A       5%          3
 Hailstorm                Conj/Ice       47%        3d10      6%          3
 Fireball                 Conj/Fire      43%        3d17      7%          5
 Mephitic Cloud           Conj/Alch/Air  37%        N/A       9%          3
 Freeze                   Ice            68%        1d8       10%         1
 Frozen Ramparts          Ice            34%        1d6       22%         3
 Fugue of the Fallen      Necr           17%        N/A       22%         3
 Summon Hydra             Summ           37%        N/A       43%         7
 Anguish                  Hex/Necr       8%         N/A       47%         4
 Manifold Assault         Tloc           17%        N/A       47%         4
 Curse of Agony           Necr           17%        N/A       78%         5
 Metabolic Englaciation   Hex/Ice        8%         N/A       78%         5
 Silence                  Hex/Air        8%         N/A       78%         5
 Haunt                    Necr/Summ      26%        N/A       98%         7
 Dispersal                Tloc           8%         N/A       99%         6
 Disjunction              Tloc           8%         N/A       100%        8
 Maxwell's Capacitive Co  Air            8%         ∞         100%        8


Dungeon Overview and Level Annotations

Branches:
Dungeon (10/15)            Temple (1/1) D:5            Lair (2/5) D:9
 Spider (0/4) Lair:2          Orc (0/2) D:10
  Swamp: Lair:2-3    Shoals: Lair:2-3

Altars:
Ashenzari
Cheibriados
Dithmenos
Elyvilon
Fedhas
Gozag
Hepliaklqana
Kikubaaqudgha
Makhleb
Nemelex Xobeh
Okawaru
Qazlal
Ru
Sif Muna
Trog
Uskayaw
Vehumet
Wu Jian
Xom
Yredelemnul
Zin
The Shining One

Shops:
D:1 !   D:8 (

Annotations:
D:10 Joseph
Lair:1 2 transporters, hawla's ghost, novice DECj
Lair:2 1 exclusion


Message History

Aim: Joseph, wielding a +0 sling, wearing a +2 ring mail of willpower and carrying a wand of light (moderately wounded, chance to affect: 8%)
Okay, then.
Okay, then.
Blink to where?
Press: ? - help, Dir - move target
Okay, then.
Okay, then.
It was a potion of might.
You feel very mighty all of a sudden.
Joseph zaps a wand.
The bolt of light misses you.
Joseph unwields a +0 sling.
Joseph wields a +0 quarterstaff.
Joseph hits you with a +0 quarterstaff.
Casting: Ensorcelled Hibernation (safe; 13% risk of failure)
Confirm with . or Enter, or press ? or * to list all spells.
Casting: Dazzling Flash (dangerous; 6% risk of failure)
Press: ? - help, Dir - look around, f - activate Look: Joseph, wielding a +0 quarterstaff, wearing a +2 ring mail of willpower and carrying a wand of light (moderately wounded, chance to dazzle: 68%) Joseph closely misses you.
Casting: Dazzling Flash (dangerous; 6% risk of failure)
Confirm with . or Enter, or press ? or * to list all spells.
Casting: Dazzling Flash (dangerous; 6% risk of failure)
Press: ? - help, Dir - look around, f - activate Look: Joseph, wielding a +0 quarterstaff, wearing a +2 ring mail of willpower and carrying a wand of light (moderately wounded, chance to dazzle: 68%) Joseph is dazzled.
Joseph hits you with a +0 quarterstaff!
* * * LOW HITPOINT WARNING * * *
Okay, then.
Okay, then.
Okay, then.
Okay, then.
Unknown command.
Casting: Dazzling Flash (dangerous; 6% risk of failure)
Confirm with . or Enter, or press ? or * to list all spells.
Casting: Flame Wave (dangerous; 3% risk of failure)
Press: ? - help, Dir - look around, f - activate You feel a surge of power!
A wave of flame ripples out!
The flame wave engulfs Joseph!
Joseph is heavily wounded. (Press . to intensify the flame waves.) Magical energy flows into your mind!
Joseph hits you with a +0 quarterstaff!
You die...

#...>..### .........
#........# .........
#####........# #########
#..v§........# #
#....§.......# #
#.....§.....># #
#............# #
#...#####@#§.# +
#...#....@#§.#
#...#.....#.§#
#...#.....+.@#
#...#######..#
##............#
#.............. +###
#........... ....
#....############.....#####
#....#..........#.....#


You could see Joseph (blind, unable to see you).

Vanquished Creatures
  Amaemon (D:8)
  3 black mambas (Lair:2)
  An orange demon (D:8)
  5 cane toads
  A rime drake (Lair:2)
  4 komodo dragons
  2 trolls
  A hornet (D:8)
  Prince Ribbit (D:6)
  Sigmund (D:5)
  Eustachio (D:6)
  39 yaks
  2 wyverns
  A wraith (D:10)
  3 basilisks (Lair:1)
  6 steam dragons
  Menkaure (D:4)
  An acid dragon (D:9)
  5 water moccasins
  4 orc warriors
  5 black bears
  2 ogres
  3 sky beasts
  4 centaurs
  2 kobold brigands
  9 bullfrogs
  A gnoll sergeant (D:5)
  3 scorpions
  8 wights
  5 orc priests
  2 jellies
  A gnoll bouda (D:5)
  A hound (D:4)
  Terence (D:3)
  7 orc wizards
  4 adders
  10 gnolls
  A shadow imp (D:6)
  4 ufetubi
  3 dart slugs
  3 ribbon worms
  31 orcs
  6 endoplasms
  2 giant cockroaches
  11 goblins
  7 hobgoblins
  3 quokkas
  4 ball pythons
  4 bats
  3 frilled lizards
  6 kobolds
  A rat (D:2)
  A spectral orc (D:6)
241 creatures vanquished.

Vanquished Creatures (collateral kills)
  A komodo dragon (Lair:1)
  2 yaks
  22 foxfires
25 creatures vanquished.

Vanquished Creatures (others)
  1350 foxfires
1350 creatures vanquished.

Grand Total: 1616 creatures vanquished

Notes
Turn   | Place    | Note
-------+----------+-------------------------------------------
     0 | D:1      | Arctor the Deep Elf Fire Elementalist began the quest for
                  | the Orb.
     0 | D:1      | Reached XP level 1. HP: 10/10 MP: 6/6
    87 | D:1      | Found a faded altar of an unknown god.
   289 | D:1      | Found Xeot's Distillery.
   849 | D:1      | Reached XP level 2. HP: 15/15 MP: 5/8
  2127 | D:2      | Learned a level 2 spell: Scorch
  2819 | D:3      | Reached XP level 3. HP: 19/19 MP: 5/9
  2889 | D:3      | Learned a level 2 spell: Call Imp
  3263 | D:3      | Reached XP level 4. HP: 24/24 MP: 7/11
  3362 | D:3      | Noticed a water moccasin
  3367 | D:3      | Killed a water moccasin
  3368 | D:3      | Reached skill level 1 in Summonings
  3368 | D:3      | Reached XP level 5. HP: 28/28 MP: 6/13
  3653 | D:3      | Noticed Terence
  3657 | D:3      | Killed Terence
  4207 | D:3      | Found a shimmering altar of Xom.
  4725 | D:4      | Reached XP level 6. HP: 32/32 MP: 10/14
  5439 | D:4      | Noticed Menkaure
  5443 | D:4      | Killed Menkaure
  5996 | D:5      | Entered Level 5 of the Dungeon
  6001 | D:5      | Learned a level 3 spell: Volatile Blastmotes
  6005 | D:5      | Reached skill level 5 in Spellcasting
  6005 | D:5      | Reached XP level 7. HP: 26/36 MP: 7/16
  6367 | D:5      | Reached skill level 5 in Stealth
  6459 | D:5      | Reached skill level 5 in Fire Magic
  6534 | D:5      | Noticed Sigmund
  6539 | D:5      | Killed Sigmund
  6540 | D:5      | Reached skill level 5 in Dodging
  6700 | D:5      | Reached XP level 8. HP: 41/41 MP: 11/18
  7163 | D:5      | Found a staircase to the Ecumenical Temple.
  7620 | D:6      | Learned a level 4 spell: Flame Wave
  7708 | D:6      | Noticed Eustachio
  7857 | D:6      | Killed Eustachio
  8042 | D:6      | Noticed Prince Ribbit
  8043 | D:6      | Reached skill level 5 in Conjurations
  8206 | D:6      | Killed Prince Ribbit
  8471 | D:6      | Found a hazy altar of Hepliaklqana.
  8577 | Temple   | Entered the Ecumenical Temple
  8587 | Temple   | Became a worshipper of Sif Muna the Loreminder
  8598 | Temple   | Learned a level 3 spell: Dazzling Flash
  8601 | Temple   | Learned a level 2 spell: Ensorcelled Hibernation
  8992 | D:7      | Reached XP level 9. HP: 45/45 MP: 15/21
  9277 | D:7      | Found a shadowy altar of Dithmenos.
  9292 | D:7      | Reached skill level 1 in Invocations
  9479 | D:7      | Reached skill level 5 in Summonings
 10047 | D:8      | Noticed a troll
 10047 | D:8      | Found Zebreup's Antique Weapon Shop.
 10055 | D:8      | Killed a troll
 10103 | D:8      | Bought a twisted short sword for 232 gold pieces
 10103 | D:8      | Identified the +6 short sword "Earthworm" {elec, Dex+5}
                  | (You bought it in a shop on level 8 of the Dungeon)
 10122 | D:8      | Got the Catalogue of Generation and Electrocution
 10176 | D:8      | Noticed Amaemon
 10647 | D:8      | Reached XP level 10. HP: 30/50 MP: 1/22
 10692 | D:8      | Learned a level 2 spell: Sublimation of Blood
 11006 | D:8      | Reached skill level 5 in Invocations
 11215 | D:8      | Noticed an orange demon
 11220 | D:9      | Found a staircase to the Lair.
 11229 | Lair:1   | Entered Level 1 of the Lair of Beasts
 11238 | Lair:1   | Reached * piety under Sif Muna
 11279 | Lair:1   | Noticed a cane toad
 11353 | Lair:1   | Noticed a cane toad
 11372 | Lair:1   | Killed a cane toad
 11378 | Lair:1   | Killed a cane toad
 11691 | Lair:1   | Found a transporter.
 11753 | Lair:1   | Noticed a moth of wrath
 11754 | Lair:1   | Noticed a cane toad
 11754 | Lair:1   | Noticed hawla's ghost (novice DECj)
 11763 | Lair:1   | Noticed a moth of wrath
 11764 | Lair:1   | Noticed a torpor snail
 11764 | Lair:1   | Noticed a black mamba
 11783 | Lair:1   | Found a transporter.
 11948 | Lair:1   | Noticed a cane toad
 11958 | Lair:1   | Killed a cane toad
 12022 | Lair:1   | Noticed a boulder beetle
 12138 | Lair:1   | Found a hide-covered altar of Uskayaw.
 12138 | Lair:1   | Found an ornate altar of the Wu Jian Council.
 12168 | Lair:2   | Noticed a six-headed hydra
 12258 | Lair:1   | Noticed a cane toad
 12270 | Lair:1   | Killed a cane toad
 12271 | Lair:1   | Reached XP level 11. HP: 36/54 MP: 16/23
 12640 | Lair:2   | Found a hole to the Spider Nest.
 13775 | D:9      | Reached ** piety under Sif Muna
 14180 | D:8      | Reached skill level 10 in Summonings
 14728 | D:8      | Found an ancient bone altar of Kikubaaqudgha.
 14975 | D:8      | Killed Amaemon
 15105 | D:8      | Got the Papyrus of Smouldering Bad Luck
 15224 | D:9      | Reached skill level 10 in Spellcasting
 15328 | D:9      | Reached XP level 12. HP: 55/59 MP: 20/28
 15587 | D:10     | Entered Level 10 of the Dungeon
 15655 | D:10     | Reached *** piety under Sif Muna
 16457 | D:10     | Identified the +0 leather armour of Protective Custody {Fly
                  | Str+4}
 16588 | D:10     | Found a staircase to the Orcish Mines.
 16598 | D:10     | Noticed Joseph
 16615 | D:10     | Slain by Joseph

Illustrated notes

Levels and vault maps discovered:
D:1:      grunt_arrival_lava_bath, layout_loops_corners,
          shapermc_ecumenical_altar_pompeii, serial_shops,
          nicolae_shop_statue_plus
D:2:      layout_loops_ring
D:3:      layout_basic, lemuel_doored_altar, uniq_terence
D:4:      layout_loops_ring, uniq_menkaure
D:5:      layout_loops_cross, minmay_temple_entry_nine_rooms,
          chequers_big_river, amcnicky_mini_corridor_feature,
          chequers_serial_rivers_marsh, kennysheep_decorative_pillar,
          uniq_sigmund
D:6:      layout_cave_pools, nicolae_hepliaklqana_monster_ancestors,
          cheibrodos_sewer_entry_bend, mrwooster_statue_mirror,
          uniq_prince_ribbit1, uniq_eustachio
D:7:      layout_loops_cross, nicolae_dithmenos_through_a_glass_darkly,
          hangedman_decor_opposing
D:8:      minmay_inner_zag, layout_rooms, mainiacjoe_overflow_24_doors,
          serial_shops, shop, amcnicky_mini_rare_corridor_liquid,
          grunt_ministairs_10, minmay_fractal_squares_diagonal_5, uniq_amaemon
D:9:      layout_basic, lair_entry_dummy, minmay_misc_feat_doors
D:10:     layout_irregular_city, orc_0_dummy, uniq_joseph
Temple:   compressed_dpeg_circular_temple
Lair:1:   layout_chaotic_city, serial_bayou, serial_bayou_pond_e,
          serial_bayou_pond_b, serial_bayou_ford_a, serial_bayou_crossing,
          serial_bayou_shore_b, serial_bayou_lagoon_a,
          gammafunk_ghost_berserking_beasts, nzn_masters_of_martial_movement
Lair:2:   layout_cave_pods, spider_nest_entry_web_field, gauntlet_entry_generic

Skill      XL: |  1  2  3  4  5  6  7  8  9 10 11 12 |
---------------+-------------------------------------+-----
Stealth        | 3 4 5 6 |  6.6
Dodging        | 3 4 5 6 |  6.3
Conjurations   | 2 3 4 5 7 8 9 |  9.3
Spellcasting   | 4 5 6 10 11 | 11.0
Summonings     | 1 2 3 4 6 8 10 11 | 11.4
Fire Magic     | 4 5 6 7 9 |  9.8
Invocations    | 4 6 7 |  7.5

Action                     |  1- 3 |  4- 6 |  7- 9 | 10-12 || total
---------------------------+-------+-------+-------+-------++-------
  Melee: Unarmed           |     2 |       |       |       ||     2
         Dagger            |       |       |     9 |       ||     9
         Short sword       |       |       |       |    70 ||    70
         Punch             |       |       |       |     1 ||     1
   Cast: Foxfire           |   164 |   138 |   256 |   280 ||   838
         Scorch            |     1 |    11 |    57 |   173 ||   242
         Volatile Blastmot |       |       |     2 |    16 ||    18
         Call Imp          |       |       |       |     6 ||     6
         Flame Wave        |       |       |       |     7 ||     7
         Sublimation of Bl |       |       |       |     1 ||     1
         Dazzling Flash    |       |       |       |     6 ||     6
         Ensorcelled Hiber |       |       |       |     2 ||     2
    Use: Scroll            |       |       |     9 |     7 ||    16
         Potion            |       |       |     5 |     7 ||    12
   Stab: Distracted        |       |       |       |     1 ||     1
         Invisible         |       |       |       |     4 ||     4
 Armour: Robe              |    12 |     2 |    67 |       ||    81
         Steam dragon scal |       |       |     9 |   108 ||   117
         Skin              |       |       |       |    30 ||    30
  Dodge: Dodged            |    25 |     4 |    90 |   226 ||   345
  Block: Other             |       |       |     5 |    17 ||    22
